 Dungeon Crawl Stone Soup version 0.30-a0-719-gcc4359ea44 (webtiles) character file.

Game seed: 11621784764027101960

9086 lesbiats the Destroyer (level 11, -3/95 HPs)
             Began as a Green Draconian Conjurer on Jan 26, 2023.
             Was a Follower of the Shining One.
             Killed from afar by a gargoyle (15 damage)
             ... with a stone arrow
             ... on level 10 of the Dungeon on Jan 27, 2023.
             The game lasted 00:54:57 (12981 turns).

lesbiats the Destroyer (Green Draconian Conjurer)  Turns: 12981, Time: 00:54:58

Health: -3/95      AC: 10    Str:  6    XL:     11   Next: 18%
Magic:  10/31      EV: 14    Int: 26    God:    the Shining One [*.....]
Gold:   543        SH:  0    Dex:  9    Spells: 0/25 levels left

rFire   . . .      SeeInvis .    T - +2 hand axe (venom)
rCold   . . .      Faith    .    (no shield)
rNeg    . . .      Spirit   .    (body armour unavailable)
rPois   +          Reflect  .    (helmet restricted)
rElec   +          Harm     .    U - +1 cloak {Will+}
rCorr   .          Rampage  .    (no gloves)
Will    ++...                    l - +0 pair of boots
Stlth   +                        q - amulet of regeneration
HPRegen 1.15/turn                Y - ring of willpower
MPRegen 0.22/turn                N - ring of Teuph {rElec rPois MP+9 Str-3 Int+2}

@: slowed, glowing, very slow
A: breathe noxious fumes, AC +7, unfitting armour, poison resistance,
cold-blooded
a: Breathe Noxious Fumes, Renounce Religion, Divine Shield


You were on level 10 of the Dungeon.
You worshipped the Shining One.
The Shining One was aware of your devotion.
You visited 2 branches of the dungeon, and saw 11 of its levels.

You collected 543 gold pieces.

Inventory:

Hand Weapons
 L - a +2 short sword of flaming
 P - the +7 battleaxe of Ynwy {antimagic, +Blink rPois Int-2 Dex+7}
   (You found it on level 7 of the Dungeon)

   Int:       It affects your intelligence (-2).
   Dex:       It affects your dexterity (+7).
   rPois:     It protects you from poison.
   +Blink:    It lets you blink.
 T - a +2 hand axe of venom (weapon)
Missiles
 a - a silver boomerang
 b - 6 atropa-tipped darts
 i - 2 throwing nets
 o - 5 curare-tipped darts
 t - 25 poisoned darts
 x - 2 boomerangs
Armour
 l - a +0 pair of boots (worn)
 m - a scarf of invisibility
 U - a +1 cloak of willpower (worn)
Jewellery
 q - an amulet of regeneration (around neck)
 E - an amulet of the acrobat
 I - a ring of flight
 N - the ring of Teuph (right hand) {rElec rPois MP+9 Str-3 Int+2}
   (You found it on level 7 of the Dungeon)

   [ring of magical power]

   Str:       It affects your strength (-3).
   Int:       It affects your intelligence (+2).
   rElec:     It insulates you from electricity.
   rPois:     It protects you from poison.
   MP:        It affects your magic capacity (+9).
 Y - a ring of willpower (left hand)
Wands
 j - a wand of quicksilver (14)
 z - a wand of roots (7)
 H - a wand of polymorph (14)
 M - a wand of paralysis (23)
 W - a wand of flame (13)
Scrolls
 e - 2 scrolls of noise {unknown}
 f - a scroll of blinking
 h - 2 scrolls of amnesia
 n - 2 scrolls of poison {unknown}
 p - 4 scrolls of teleportation
 r - a scroll of torment {unknown}
 v - a scroll of enchant armour {unknown}
 w - 2 scrolls of immolation
 A - a scroll of fog {unknown}
 B - 2 scrolls of magic mapping
 D - a scroll of fear {unknown}
 G - a scroll of enchant weapon {unknown}
 K - a scroll of vulnerability {unknown}
 R - a scroll of summoning {unknown}
Potions
 c - a potion of mutation {unknown}
 d - a potion of resistance {unknown}
 g - 3 potions of attraction
 k - a potion of ambrosia
 s - 2 potions of might
 u - a potion of degeneration
 C - a potion of berserk rage {unknown}
 F - a potion of lignification {unknown}
 J - a potion of flight {unknown}
 S - a potion of heal wounds
 V - a potion of haste
 X - a potion of cancellation {unknown}
Miscellaneous
 O - a phantom mirror
 Z - a phial of floods


   Skills:
 + Level 8.5 Fighting
 + Level 8.0 Dodging
 - Level 1.7 Stealth
 + Level 7.9 Spellcasting
 - Level 10.1 Conjurations
 * Level 5.2 Poison Magic


You couldn't memorise any spells.
You knew the following spells:

 Your Spells              Type           Power      Damage    Failure   Level
a - Magic Dart            Conj           100%       1d8       1%          1
b - Searing Ray           Conj           100%       2d8       1%          2
c - Iskenderun's Mystic   Conj/Tloc      36%        2d9       7%          4
d - Fulminant Prism       Conj/Hex       18%        3d10      7%          4
e - Passwall              Tmut/Erth      8%         N/A       9%          2
f - Dazzling Flash        Conj/Hex       72%        N/A       1%          3
g - Olgreb's Toxic Radia  Pois           37%        N/A       7%          4
h - Mephitic Cloud        Conj/Pois/Air  37%        N/A       1%          3
i - Blink                 Tloc           20%        N/A       9%          2

Your spell library contained the following spells:

 Spells                   Type           Power      Damage    Failure   Level
 Shock                    Conj/Air       100%       1d9       1%          1
 Momentum Strike          Conj/Tloc      72%        3d10      1%          2
 Sandblast                Erth           20%        2d7       6%          1
 Ensorcelled Hibernation  Hex/Ice        20%        N/A       9%          2
 Lesser Beckoning         Tloc           20%        N/A       9%          2
 Swiftness                Air            10%        N/A       17%         3
 Airstrike                Air            5%         2d(1-17)  50%         4
 Statue Form              Tmut/Erth      6%         N/A       100%        6


Dungeon Overview and Level Annotations

Branches:
Dungeon (10/15)            Temple (1/1) D:7
   Lair: D:8-11         Orc: D:9-12

Altars:
Ashenzari
Dithmenos
Elyvilon
Fedhas
Gozag
Hepliaklqana
Kikubaaqudgha
Makhleb
Nemelex Xobeh
Okawaru
Qazlal
Ru
Sif Muna
Trog
Uskayaw
Vehumet
Wu Jian
Xom
Yredelemnul
Zin
The Shining One

Portals:
Bailey: D:10

Annotations:
D:5 2 runed translucent doors, Jingleheimer's ghost, novice OpTm


Innate Abilities, Weirdness & Mutations

You can breathe blasts of noxious fumes.
Your lurid green scales are hard. (AC +7)
You cannot fit into any form of body armour.
Your system is resistant to poisons. (rPois)
You are cold-blooded and may be slowed by cold attacks.


Message History

The orc wizard is almost dead.
The mystic blast hits the gargoyle but does no damage.
The gargoyle is heavily damaged.
You hear the faint creaking of a portcullis.
The orc wizard hits you but does no damage.
The gargoyle hurls a stone arrow at you.
The stone arrow hits you! The gargoyle hits you with a +0 mace!
The orc wizard hits you but does no damage.
Unknown command.
Casting: Iskenderun's Mystic Blast (dangerous; 7% risk of failure)
Confirm with . or Enter, or press ? or * to list all spells.
You erupt in a blast of force!
The mystic blast hits the orc wizard!
You kill the orc wizard!
The mystic blast hits the gargoyle.
The gargoyle is severely damaged.
The gargoyle barely misses you.
Unknown command.
Casting: Iskenderun's Mystic Blast (dangerous; 7% risk of failure)
Confirm with . or Enter, or press ? or * to list all spells.
You erupt in a blast of force!
The mystic blast hits the gargoyle but does no damage.
The gargoyle is severely damaged.
The gargoyle hurls a stone arrow at you.
The stone arrow misses you.
The gargoyle hurls a stone arrow at you.
The stone arrow hits you.
Unknown command.
You hit the gargoyle but do no damage.
You tail-slap the gargoyle, but do no damage.
The gargoyle is severely damaged.
The gargoyle hurls a stone arrow at you.
The stone arrow misses you. The gargoyle hits you with a +0 mace!
* * * LOW HITPOINT WARNING * * *
The gargoyle attacks as you move away! The gargoyle hits you with a +0 mace!
* * * LOW HITPOINT WARNING * * *
Items here: )) [[ †.
The gargoyle attacks as you move away! The gargoyle barely misses you.
The gargoyle hurls a stone arrow at you.
The stone arrow hits you!
You die...

,,,,,** #..........# ,,,*,,*
#.....Y.Wo.#******* ,,,**,**
###)#####....,,,,,* ,,,,,,,***
#.# *.W...,,,,* ****,*,,,#****#.#
*..o..,,,,* *,,,,,,*,,..,*#.#
*,....,,,,*
*,**+*,,,**#.##.#####...,<,,,,*
,,*,,***,**#...9#.......,,,,,,*
⌠,*,*,**,,*###..@...#,,,,,,,,,***
,,*,,,***,**#....)..#,,,,,,,,,,,,
,**,,** *.......)∩).#,,,,,,,,,,,,
**,,** *###.....)....,**,,*,,,,,
,,,,* *,*#.........##**,,*,,,,,
,8,8* *,,#..##..####***,,*,,,,,
,*,** *,,...*#...**,,,,,,,,,,,,
8*,,* *,##..,....,*,***,,**,,,,
**,,* *,**,,*,*,>,*,**,,,,,,,,,


You could see a gargoyle.

Vanquished Creatures
  A boulder beetle (D:7)
  A manticore (D:7)
  Maurice (D:9)
  2 kobold demonologists (D:6)
  A troll (D:8)
  A hornet (D:7)
  7 yaks
  A wraith (D:10)
  2 wyverns (D:9)
  4 steam dragons (D:7)
  2 vampire mosquitoes (D:7)
  Grum (D:9)
  3 water moccasins
  2 orc warriors
  3 ice beasts (D:7)
  3 sky beasts (D:7)
  A black bear (D:4)
  2 wolves (D:9)
  2 centaurs
  An ogre (D:7)
  3 kobold brigands (D:7)
  2 gnoll sergeants
  4 bullfrogs
  4 scorpions (D:7)
  2 necrophages
  3 wights (D:7)
  14 killer bees
  7 howler monkeys
  2 jellies
  A gnoll bouda (D:9)
  6 orc priests
  5 hounds
  5 iguanas
  3 orc wizards
  20 gnolls
  5 adders
  3 shadow imps (D:6)
  An ufetubus (D:7)
  3 dart slugs
  23 orcs
  6 bats
  6 endoplasms
  2 giant cockroaches
  2 hobgoblins
  3 quokkas
  11 ball pythons
  6 frilled lizards
  3 goblins (D:4)
  10 kobolds
  8 rats
214 creatures vanquished.

Vanquished Creatures (collateral kills)
  A killer bee (D:9)
1 creature vanquished.

Vanquished Creatures (others)
  11 fulminant prisms
  2 fungi (D:3)
  2 plants (D:3)
15 creatures vanquished.

Grand Total: 230 creatures vanquished

Notes
Turn   | Place    | Note
-------+----------+-------------------------------------------
     0 | D:1      | lesbiats the Draconian Conjurer began the quest for the
                  | Orb.
     0 | D:1      | Reached XP level 1. HP: 14/14 MP: 3/3
   342 | D:1      | Reached XP level 2. HP: 19/22 MP: 0/5
   396 | D:1      | Learned a level 2 spell: Searing Ray
   939 | D:1      | Reached skill level 1 in Fighting
  1375 | D:2      | Reached XP level 3. HP: 28/28 MP: 3/6
  1981 | D:2      | Reached XP level 4. HP: 21/35 MP: 1/8
  2870 | D:3      | Found a faded altar of an unknown god.
  2885 | D:3      | Got Plato's Book of Terrain
  2912 | D:3      | Identified the +7 scale mail of Impressiveness {+Blink}
  4158 | D:4      | Found a large runed translucent door.
  4159 | D:4      | Found a large runed translucent door.
  4176 | D:4      | Reached XP level 5. HP: 41/41 MP: 6/10
  4742 | D:4      | Noticed a black bear
  4798 | D:5      | Entered Level 5 of the Dungeon
  4798 | D:5      | Noticed a centaur
  4805 | D:4      | Learned a level 3 spell: Dazzling Flash
  4939 | D:5      | Found a runed translucent door.
  4939 | D:5      | Noticed Jingleheimer's ghost (novice OpTm)
  4956 | D:5      | Found a runed translucent door.
  5067 | D:5      | Reached XP level 6. HP: 41/50 MP: 2/12
  5174 | D:5      | Reached skill level 5 in Conjurations
  5405 | D:5      | Learned a level 2 spell: Passwall
  5971 | D:4      | Your scales start taking on a lurid green colour.
  5971 | D:4      | Reached XP level 7. HP: 57/57 MP: 3/13
  5971 | D:4      | Gained mutation: Your system is resistant to poisons.
                  | (rPois) [Green Draconian growth]
  6057 | D:4      | Found a shadowy altar of Dithmenos.
  6060 | D:4      | Found a basalt altar of Yredelemnul.
  6457 | D:6      | Noticed a kobold demonologist
  6457 | D:6      | Found a transporter.
  6760 | D:6      | Reached skill level 6 in Conjurations
  6971 | D:5      | Upgraded the game from 0.30-a0-718-geaa24f58ff to
                  | 0.30-a0-719-gcc4359ea44
  7281 | D:6      | Found a transporter.
  7330 | D:6      | Noticed a kobold demonologist
  7469 | D:6      | Learned a level 4 spell: Fulminant Prism
  7588 | D:6      | Reached XP level 8. HP: 66/66 MP: 9/15
  7775 | D:7      | Reached skill level 5 in Spellcasting
  7793 | D:7      | Learned a level 4 spell: Iskenderun's Mystic Blast
  7846 | D:7      | Noticed a hornet
  7915 | D:7      | Reached skill level 7 in Conjurations
  7921 | D:7      | Reached skill level 5 in Fighting
  8220 | D:7      | Reached skill level 5 in Dodging
  8220 | D:7      | Reached skill level 8 in Conjurations
  8220 | D:7      | Reached XP level 9. HP: 25/74 MP: 13/17
  8812 | D:7      | Reached skill level 9 in Conjurations
  8991 | D:7      | Noticed a manticore
  9389 | D:7      | Reached XP level 10. HP: 75/84 MP: 4/20
  9719 | D:7      | Found a staircase to the Ecumenical Temple.
  9728 | Temple   | Entered the Ecumenical Temple
  9767 | Temple   | Became a worshipper of the Shining One
  9990 | D:7      | Noticed a gargoyle
 10009 | D:7      | Noticed a boulder beetle
 10461 | D:6      | Noticed an orange demon
 10490 | D:6      | Noticed a soul eater
 10492 | D:6      | Noticed an orange demon
 10493 | D:6      | Noticed a sixfirhy
 10780 | D:7      | Killed a manticore
 10781 | D:7      | Reached skill level 10 in Conjurations
 11107 | D:7      | Killed a boulder beetle
 11252 | D:7      | Got the Almanac of the Solid Panacea
 11254 | D:7      | Identified the ring of Teuph {rElec rPois MP+9 Str-3 Int+2}
 11262 | D:7      | Identified the +7 battleaxe of Ynwy {antimagic, +Blink
                  | rPois Int-2 Dex+7}
 11267 | D:7      | Identified the +1 ring mail "Desisiki" {*Corrode rElec SInv
                  | Stlth+}
 11425 | D:8      | Learned a level 4 spell: Olgreb's Toxic Radiance
 11584 | D:8      | Reached skill level 1 in Poison Magic
 12204 | D:8      | Learned a level 3 spell: Mephitic Cloud
 12317 | D:9      | Noticed Grum
 12337 | D:9      | Killed Grum
 12396 | D:9      | Noticed Maurice
 12426 | D:9      | Killed Maurice
 12624 | D:9      | Reached XP level 11. HP: 83/94 MP: 22/22
 12629 | D:9      | Reached * piety under the Shining One
 12887 | D:9      | Learned a level 2 spell: Blink
 12936 | D:10     | Entered Level 10 of the Dungeon
 12954 | D:10     | Found a flagged portal.
 12969 | D:10     | Reached skill level 5 in Poison Magic
 12981 | D:10     | Killed from afar by a gargoyle

Illustrated notes

Levels and vault maps discovered:
D:1:      dpeg_arrival_rooms_a, layout_loops_corners
D:2:      layout_basic
D:3:      layout_basic, lemuel_crystal_altar,
          shapermc_ecumenical_altar_rom_forum
D:4:      layout_basic, jmf_multi_god_temple2, due_unseen_surprise
D:5:      layout_basic, ebering_ghost_sewer_f, st_stairs_10
D:6:      gammafunk_wand_slinger, layout_rooms
D:7:      minmay_the_grid_octo_tiled_squarecenter [minmay_the_grid_octo_focus,
          minmay_the_grid_octo_chip, minmay_the_grid_octo_empty,
          minmay_the_grid_octo_fan_narrow,
          minmay_the_grid_square_5x5_megaprize_diamond,
          minmay_the_grid_square_5x5_two, minmay_the_grid_square_5x5_eight,
          minmay_the_grid_square_5x5_three_small,
          minmay_the_grid_square_5x5_mess], layout_rooms,
          minmay_temple_entry_nine_rooms
D:8:      layout_loops_ring, kennysheep_generic_room_7
D:9:      layout_cross, uniq_grum, uniq_maurice
D:10:     layout_rooms, enter_bailey_2, muffindrake_ghost_dual_entry
Temple:   hellmonk_temple_of_storms

Skill      XL: |  1  2  3  4  5  6  7  8  9 10 11 |
---------------+----------------------------------+-----
Dodging        | 2 3 4 5 6 7 8 |  8.0
Fighting       | 1 2 3 4 5 6 8 |  8.5
Spellcasting   | 3 4 5 6 7 |  7.9
Conjurations   | 5 6 8 9 10 | 10.1
Poison Magic   | 4 5 |  5.2
Stealth        | |  1.7

Action                     |  1- 3 |  4- 6 |  7- 9 | 10-12 || total
---------------------------+-------+-------+-------+-------++-------
  Melee: Unarmed           |     3 |       |       |       ||     3
         Dagger            |     1 |       |       |       ||     1
         Falchion          |       |    13 |   129 |     8 ||   150
         Tailslap          |       |       |    16 |    29 ||    45
         Punch             |       |       |     3 |       ||     3
         Hand axe          |       |       |       |    55 ||    55
         Short sword       |       |       |       |    38 ||    38
  Throw: Dart              |       |       |       |     6 ||     6
         Throwing net      |       |       |       |     1 ||     1
         Boomerang         |       |       |       |     1 ||     1
   Cast: Magic Dart        |    64 |    74 |   103 |    54 ||   295
         Searing Ray       |     3 |     7 |    26 |    16 ||    52
         Passwall          |       |     2 |       |       ||     2
         Iskenderun's Myst |       |       |     7 |    26 ||    33
         Fulminant Prism   |       |       |       |    11 ||    11
         Mephitic Cloud    |       |       |       |     1 ||     1
         Dazzling Flash    |       |       |       |     1 ||     1
         Olgreb's Toxic Ra |       |       |       |     1 ||     1
Ability: Breathe Noxious F |       |       |    17 |    18 ||    35
  Evoke: Wand              |       |       |       |     1 ||     1
    Use: Potion            |     1 |       |     2 |     4 ||     7
         Scroll            |       |     5 |     1 |     9 ||    15
   Stab: Sleeping          |       |       |     1 |       ||     1
 Armour: Skin              |     3 |    16 |   117 |    48 ||   184
  Dodge: Dodged            |    11 |    21 |   235 |   163 ||   430

Table legend: (Time is in decaauts)
 A = Elapsed time spent in this place.
 B = Non-inter-level travel time spent in this place.
 C = Inter-level travel time spent in this place.
 D = Time resting spent in this place.
 E = Time spent auto-exploring this place.
 F = Levels seen in this place.
 G = Mean time per level.
                   A        B        C        D        E       F      G
               +--------+--------+--------+--------+--------+-----+--------+
         Total |  13031 |  11728 |   1303 |   2849 |   6474 |  11 | 1184.6 |
       Dungeon |  12978 |  11693 |   1285 |   2849 |   6456 |  10 | 1297.8 |
        Temple |     52 |     34 |     18 |      0 |     18 |   1 |   52.0 |
               +--------+--------+--------+--------+--------+-----+--------+

Top non-repeatable levels by time:
     D:7: 3302 daAuts
     D:5: 1810 daAuts
     D:4: 1485 daAuts
     D:1: 1356 daAuts
     D:2: 1224 daAuts
     D:6: 1122 daAuts
     D:3: 1063 daAuts
     D:8: 943 daAuts
     D:9: 613 daAuts
    D:10: 57 daAuts
  Temple: 52 daAuts
